XFBL
CINCINNATI REDS @ PITTSBURGH PIRATES
05/13/1982
 
TOP OF THE 1ST
Cincinnati Reds batting - Pitching for Pittsburgh Pirates : RHP Dennis Leonard
Pitching: RHP Dennis Leonard
Batting: RHB Gary Matthews 0-0: Ball
1-0: Called Strike
1-1: Fly out, F9 (Flyball, 9LM, EV 91.3 MPH)
Batting: RHB Bill Melton 0-0: Swinging Strike
0-1: Ball
1-1: Ball
2-1: Called Strike
2-2: Foul Ball, location: 2F
2-2: Ground out 6-3 (Groundball, 6, EV 91.3 MPH)
Batting: LHB Mike Easler 0-0: Ball
1-0: Ball
2-0: Ball
3-0: Called Strike
3-1: Fly out, F9 (Flyball, 9LM, EV 91.3 MPH)
Top of the 1st over - 0 runs, 0 hits, 0 errors, 0 left on base; Cincinnati 0 - Pittsburgh 0
BOTTOM OF THE 1ST
Pittsburgh Pirates batting - Pitching for Cincinnati Reds : LHP Doug Rau
Pitching: LHP Doug Rau
Batting: RHB Dan Gladden 0-0: Called Strike
0-1: Fly out, F8 (Flyball, 8LM, EV 85.0 MPH)
Batting: SHB Chili Davis 0-0: Ball
1-0: Called Strike
1-1: Ball
2-1: Ball
3-1: Fly out, F9 (Flyball, 9LM, EV 101.9 MPH)
Batting: RHB Rennie Stennett 0-0: Ball
1-0: Foul Ball, location: 2F
1-1: Fly out, F4 (Flyball, 34D, EV 89.4 MPH)
Bottom of the 1st over - 0 runs, 0 hits, 0 errors, 0 left on base; Cincinnati 0 - Pittsburgh 0
TOP OF THE 2ND
Cincinnati Reds batting - Pitching for Pittsburgh Pirates : RHP Dennis Leonard
Batting: LHB Darrell Evans 0-0: SINGLE (Line Drive, 4D, EV 98.1 MPH)
Batting: RHB Johnny Bench 0-0: Ball
Wild Pitch!
Darrell Evans to second
1-0: Foul Ball, location: 2F
1-1: Called Strike
1-2: Ball
2-2: Ball
3-2: Base on Balls
Batting: LHB Joseph Talley 0-0: Called Strike
0-1: Swinging Strike
0-2: Ball
1-2: SINGLE (Groundball, 34D, EV 101.9 MPH)
Darrell Evans to third
Johnny Bench to second
Runner from 3rd tries for Home, SAFE, throw by RF to home
Batting: RHB Jim Anderson 0-0: Swinging Strike
0-1: Swinging Strike
0-2: Foul Ball, location: 2F
0-2: Fly out, F4 (Line Drive, 4, EV 72.5 MPH)
Batting: RHB Ramon Borrero 0-0: Ball
1-0: Ball
2-0: Ball
3-0: Called Strike
3-1: Fielders Choice at 2nd, 5-4 (Groundball, 5, EV 83.8 MPH)
Johnny Bench to third
Batting: LHB Doug Rau 0-0: Called Strike
0-1: Ball
1-1: Ball
2-1: Swinging Strike
2-2: Ball
3-2: Strikes out swinging
Top of the 2nd over - 1 run, 2 hits, 0 errors, 2 left on base; Cincinnati 1 - Pittsburgh 0
BOTTOM OF THE 2ND
Pittsburgh Pirates batting - Pitching for Cincinnati Reds : LHP Doug Rau
Batting: LHB Robert Lopez 0-0: Ball
1-0: Swinging Strike
1-1: Ball
2-1: Ball
3-1: SINGLE (Popup, 6D, EV 46.3 MPH)
Batting: LHB Greg Walker 0-0: SINGLE (Line Drive, 78S, EV 95.0 MPH)
Robert Lopez to second
Batting: RHB Mike C Brown 0-0: Called Strike
0-1: Ball
1-1: Fly out, F7 (Flyball, 7S, EV 81.3 MPH)
Batting: SHB John Shelby 0-0: Ball
1-0: Fielders Choice at 2nd, 4-6 (Groundball, 4, EV 80.6 MPH)
Robert Lopez to third
Batting: SHB Ron Oester 0-0: Called Strike
0-1: Ball
1-1: SINGLE (Line Drive, 4MD, EV 94.4 MPH)
Robert Lopez scores
John Shelby to second
Runner from 2nd tries for 3rd, SAFE, throw by CF made to third
Batting: RHB Dennis Leonard 0-0: Swinging Strike
0-1: Ball
1-1: Called Strike
1-2: Foul Ball, location: 2F
1-2: Fielders Choice at 2nd, 6-4 (Groundball, 6, EV 85.0 MPH)
Bottom of the 2nd over - 1 run, 3 hits, 0 errors, 2 left on base; Cincinnati 1 - Pittsburgh 1
TOP OF THE 3RD
Cincinnati Reds batting - Pitching for Pittsburgh Pirates : RHP Dennis Leonard
Batting: RHB Gary Matthews 0-0: Ball
1-0: Called Strike
1-1: Ground out 5-3 (Groundball, 56, EV 89.4 MPH)
Batting: RHB Bill Melton 0-0: Ball
1-0: Ball
2-0: Called Strike
2-1: Foul Ball, location: 2F
2-2: Foul Ball, location: 2F
2-2: Foul Ball, location: 2F
2-2: Fly out, F6 (Popup, 6M, EV 65.6 MPH)
Batting: LHB Mike Easler 0-0: Foul Ball, location: 2F
0-1: Ball
1-1: SINGLE (Groundball, 34D, EV 109.4 MPH)
Batting: LHB Darrell Evans 0-0: Ball
1-0: Ball
2-0: Ball
3-0: Base on Balls
Mike Easler to second
Batting: RHB Johnny Bench 0-0: Foul Ball, location: 2F
0-1: Swinging Strike
0-2: Foul Ball, location: 2F
0-2: Strikes out swinging
Top of the 3rd over - 0 runs, 1 hit, 0 errors, 2 left on base; Cincinnati 1 - Pittsburgh 1
BOTTOM OF THE 3RD
Pittsburgh Pirates batting - Pitching for Cincinnati Reds : LHP Doug Rau
Batting: RHB Dan Gladden 0-0: Bunt missed!
0-1: Ball
1-1: Called Strike
1-2: Strikes out swinging
Batting: SHB Chili Davis 0-0: SINGLE (Groundball, 6D, EV 105.0 MPH)
Batting: RHB Rennie Stennett 0-0: Ball
1-0: Foul Ball, location: 2F
1-1: Foul Ball, location: 2F
1-2: Fly out, F9 (Flyball, 9LS, EV 88.1 MPH)
Batting: LHB Robert Lopez 0-0: Ball
1-0: Called Strike
Chili Davis steals 2nd, throwing error, E2
Chili Davis to third
1-1: Called Strike
1-2: Ball
2-2: Ground out 6-3 (Groundball, 56, EV 82.5 MPH)
Bottom of the 3rd over - 0 runs, 1 hit, 1 error, 1 left on base; Cincinnati 1 - Pittsburgh 1
TOP OF THE 4TH
Cincinnati Reds batting - Pitching for Pittsburgh Pirates : RHP Dennis Leonard
Batting: LHB Joseph Talley 0-0: Ball
1-0: Ball
2-0: Ground out 4-3 (Groundball, 4, EV 81.3 MPH)
Batting: RHB Jim Anderson 0-0: Called Strike
0-1: Ball
1-1: Foul Ball, location: 2F
1-2: Strikes out swinging
Batting: RHB Ramon Borrero 0-0: Foul Ball, location: 2F
0-1: Fly out, F7 (Flyball, 7LM, EV 77.5 MPH)
Top of the 4th over - 0 runs, 0 hits, 0 errors, 0 left on base; Cincinnati 1 - Pittsburgh 1
BOTTOM OF THE 4TH
Pittsburgh Pirates batting - Pitching for Cincinnati Reds : LHP Doug Rau
Batting: LHB Greg Walker 0-0: Ball
1-0: Ball
2-0: Ball
3-0: Foul Ball, location: 2F
3-1: Called Strike
3-2: Foul Ball, location: 2F
3-2: Foul Ball, location: 2F
3-2: Base on Balls
Batting: RHB Mike C Brown 0-0: Called Strike
0-1: DOUBLE (Line Drive, 7LM, EV 101.9 MPH)
Greg Walker to third
Runner from 3rd tries for Home, SAFE, throw by LF to home
Batting: SHB John Shelby 0-0: Ball
1-0: Swinging Strike
1-1: Ball
2-1: Ball
3-1: Base on Balls
Batting: SHB Ron Oester 0-0: Ball
1-0: Foul Ball, location: 2F
1-1: Called Strike
1-2: Strikes out swinging
Batting: RHB Dennis Leonard 0-0: Bunted foul
0-1: Bunt missed!
0-2: Bunted foul, Strikeout!
Batting: RHB Dan Gladden 0-0: Ball
1-0: Ball
2-0: Foul Ball, location: 2F
2-1: Foul Ball, location: 2F
2-2: Foul Ball, location: 2F
2-2: DOUBLE (Line Drive, 89D, EV 106.3 MPH)
Mike C Brown scores
John Shelby to third
Runner from 3rd tries for Home, SAFE, throw by CF to trailing runner, SAFE at third!
Batting: SHB Chili Davis 0-0: Foul Ball, location: 2F
0-1: Fly out, F7 (Flyball, 7, EV 82.5 MPH)
Bottom of the 4th over - 3 runs, 2 hits, 0 errors, 1 left on base; Cincinnati 1 - Pittsburgh 4
TOP OF THE 5TH
Cincinnati Reds batting - Pitching for Pittsburgh Pirates : RHP Dennis Leonard
Batting: LHB Doug Rau 0-0: Ball
1-0: Called Strike
1-1: Ball
2-1: Ball
3-1: Called Strike
3-2: Base on Balls
Batting: RHB Gary Matthews 0-0: Ball
1-0: Ball
2-0: Ball
3-0: Base on Balls
Doug Rau to second
Batting: RHB Bill Melton 0-0: Called Strike
0-1: Called Strike
0-2: Ball
1-2: Ball
2-2: Ball
3-2: Foul Ball, location: 2F
3-2: Base on Balls
Doug Rau to third
Gary Matthews to second
Batting: LHB Mike Easler 0-0: Grounds out, U3 (Groundball, 3L, EV 85.6 MPH)
Doug Rau scores
Gary Matthews to third
Batting: LHB Darrell Evans 0-0: Ball
1-0: Ball
2-0: Ball
3-0: Called Strike
3-1: Ground out 1-3 (Groundball, 15S, EV 74.4 MPH)
Batting: RHB Johnny Bench 0-0: Ball
1-0: Called Strike
1-1: Ball
2-1: Foul Ball, location: 2F
2-2: Ball
3-2: 3-RUN HOME RUN (Flyball, 78XD, EV 93.8 MPH), Distance : 405 ft
Batting: LHB Joseph Talley 0-0: Called Strike
0-1: Foul Ball, location: 2F
0-2: SINGLE (Flyball, 7S, EV 86.9 MPH)
Pitching: RHP Timnothy Milner
Batting: RHB Jim Anderson 0-0: Ball
Joseph Talley steals 2nd base
1-0: Called Strike
1-1: Called Strike
1-2: Ball
2-2: Foul Ball, location: 2F
2-2: Strikes out swinging
Top of the 5th over - 4 runs, 2 hits, 0 errors, 1 left on base; Cincinnati 5 - Pittsburgh 4
BOTTOM OF THE 5TH
Pittsburgh Pirates batting - Pitching for Cincinnati Reds : LHP Doug Rau
Batting: RHB Rennie Stennett 0-0: Fly out, F9 (Flyball, 9S, EV 84.4 MPH)
Batting: LHB Robert Lopez 0-0: Called Strike
0-1: Foul Ball, location: 2F
0-2: Foul Ball, location: 2F
0-2: Ball
1-2: Ball
2-2: Foul Ball, location: 2F
2-2: Ground out 4-3 (Groundball, 4M, EV 103.1 MPH)
Batting: LHB Greg Walker 0-0: Ball
1-0: SOLO HOME RUN (Flyball, 9LD, EV 98.1 MPH), Distance : 374 ft
Batting: RHB Mike C Brown 0-0: Ball
1-0: Ball
2-0: Fly out, F8 (Flyball, 78D, EV 92.5 MPH)
Bottom of the 5th over - 1 run, 1 hit, 0 errors, 0 left on base; Cincinnati 5 - Pittsburgh 5
TOP OF THE 6TH
Cincinnati Reds batting - Pitching for Pittsburgh Pirates : RHP Timnothy Milner
Batting: RHB Ramon Borrero 0-0: Ball
1-0: Reached on error, E8 (Flyball, 89D, EV 75.0 MPH)
Batting: LHB Doug Rau 0-0: Ball
Ramon Borrero steals 2nd base
1-0: Bunted foul
1-1: Sac Bunt to 23 - play at first, batter OUT! 3-4
Ramon Borrero to third
Batting: RHB Gary Matthews 0-0: Fly out, F4 (Popup, 4MS, EV 63.8 MPH)
Batting: RHB Bill Melton 0-0: Called Strike
0-1: Foul Ball, location: 2F
0-2: Ball
1-2: Foul Ball, location: 2F
1-2: Ball
2-2: Fly out, F9 (Flyball, 9LS, EV 90.0 MPH)
Top of the 6th over - 0 runs, 0 hits, 1 error, 1 left on base; Cincinnati 5 - Pittsburgh 5
BOTTOM OF THE 6TH
Pittsburgh Pirates batting - Pitching for Cincinnati Reds : LHP Doug Rau
Batting: SHB John Shelby 0-0: Foul Ball, location: 2F
0-1: Fly out, F6 (Popup, 6MS, EV 68.1 MPH)
Batting: SHB Ron Oester 0-0: Ball
1-0: Ground out 3-1 (Groundball, 34S, EV 83.8 MPH)
Batting: RHB Timnothy Milner 0-0: Ball
1-0: Foul Ball, location: 2F
1-1: Ground out 6-3 (Groundball, 6, EV 78.8 MPH)
Bottom of the 6th over - 0 runs, 0 hits, 0 errors, 0 left on base; Cincinnati 5 - Pittsburgh 5
TOP OF THE 7TH
Cincinnati Reds batting - Pitching for Pittsburgh Pirates : RHP Timnothy Milner
Batting: LHB Mike Easler 0-0: Swinging Strike
0-1: Called Strike
0-2: Strikes out swinging
Batting: LHB Darrell Evans 0-0: Fly out, F8 (Flyball, 8LD, EV 103.1 MPH)
Batting: RHB Johnny Bench 0-0: Called Strike
0-1: Ball
1-1: Ball
2-1: Fly out, F9 (Flyball, 9S, EV 88.8 MPH)
Top of the 7th over - 0 runs, 0 hits, 0 errors, 0 left on base; Cincinnati 5 - Pittsburgh 5
BOTTOM OF THE 7TH
Pittsburgh Pirates batting - Pitching for Cincinnati Reds : LHP Doug Rau
Batting: RHB Dan Gladden 0-0: Swinging Strike
0-1: Ball
1-1: Foul Ball, location: 2F
1-2: Foul Ball, location: 2F
1-2: Fly out, F4 (Flyball, 34D, EV 90.0 MPH)
Batting: SHB Chili Davis 0-0: Ball
1-0: Ball
2-0: Called Strike
2-1: Foul Ball, location: 2F
2-2: Foul Ball, location: 2F
2-2: Fly out, F7 (Flyball, 7LD, EV 108.8 MPH)
Batting: RHB Rennie Stennett 0-0: Swinging Strike
0-1: Ball
1-1: Foul Ball, location: 2F
1-2: Foul Ball, location: 2F
1-2: Foul Ball, location: 2F
1-2: Fly out, F8 (Line Drive, 8RD, EV 95.6 MPH)
Bottom of the 7th over - 0 runs, 0 hits, 0 errors, 0 left on base; Cincinnati 5 - Pittsburgh 5
TOP OF THE 8TH
Cincinnati Reds batting - Pitching for Pittsburgh Pirates : RHP Timnothy Milner
Batting: LHB Joseph Talley 0-0: Called Strike
0-1: Foul Ball, location: 2F
0-2: Strikes out swinging
Batting: RHB Jim Anderson 0-0: Ball
1-0: Foul Ball, location: 2F
1-1: Fly out, F8 (Flyball, 8LS, EV 86.3 MPH)
Batting: RHB Ramon Borrero 0-0: Ground out 6-3 (Groundball, 6, EV 95.0 MPH)
Top of the 8th over - 0 runs, 0 hits, 0 errors, 0 left on base; Cincinnati 5 - Pittsburgh 5
BOTTOM OF THE 8TH
Pittsburgh Pirates batting - Pitching for Cincinnati Reds : LHP Doug Rau
Batting: LHB Robert Lopez 0-0: Called Strike
0-1: Swinging Strike
0-2: Ball
1-2: Fly out, F6 (Flyball, 56D, EV 74.4 MPH)
Batting: LHB Greg Walker 0-0: Called Strike
0-1: Foul Ball, location: 2F
0-2: Ball
1-2: Ball
2-2: Ball
3-2: SINGLE (Line Drive, 78M, EV 98.8 MPH)
Pitching: RHP Jay Dillard
Now at SS: Jesus Alfaro
Batting: RHB Mike C Brown 0-0: Ball
1-0: Ball
2-0: Foul Ball, location: 2F
2-1: Foul Ball, location: 2F
2-2: Foul Ball, location: 2F
2-2: Foul Ball, location: 2F
2-2: Foul Ball, location: 2F
2-2: Strikes out looking
Batting: SHB John Shelby 0-0: Called Strike
0-1: Ball
1-1: Foul Ball, location: 2F
1-2: Strikes out swinging
Bottom of the 8th over - 0 runs, 1 hit, 0 errors, 1 left on base; Cincinnati 5 - Pittsburgh 5
TOP OF THE 9TH
Cincinnati Reds batting - Pitching for Pittsburgh Pirates : RHP Timnothy Milner
Pinch Hitting: LHB Jim Bennett 0-0: SINGLE (Line Drive, 78S, EV 99.4 MPH)
Batting: RHB Gary Matthews 0-0: Ball
1-0: Swinging Strike
1-1: Ball
2-1: SINGLE (Groundball, 23, EV 66.3 MPH) (infield hit)
Jim Bennett to second
Batting: RHB Bill Melton 0-0: Grounds into double play, 6-4-3 (Groundball, 6, EV 86.9 MPH)
Jim Bennett to third
Batting: LHB Mike Easler 0-0: Ball
1-0: Called Strike
1-1: Foul Ball, location: 2F
1-2: Ball
2-2: Ball
3-2: SINGLE (Flyball, 8LS, EV 86.3 MPH)
Jim Bennett scores
Batting: LHB Darrell Evans 0-0: Called Strike
0-1: Called Strike
0-2: Ball
1-2: Ball
2-2: Ball
3-2: Strikes out swinging
Top of the 9th over - 1 run, 3 hits, 0 errors, 1 left on base; Cincinnati 6 - Pittsburgh 5
BOTTOM OF THE 9TH
Pittsburgh Pirates batting - Pitching for Cincinnati Reds : RHP Jay Dillard
Now at 2B: John Damon
Now in LF: Nick Deurloo
Batting: SHB Ron Oester 0-0: Called Strike
0-1: Swinging Strike
0-2: Foul Ball, location: 2F
0-2: Strikes out looking
Pinch Hitting: LHB Terry Whitfield 0-0: Called Strike
0-1: Foul Ball, location: 2F
0-2: Ball
1-2: Strikes out swinging
Batting: RHB Dan Gladden 0-0: Foul Ball, location: 2F
0-1: Called Strike
0-2: Ball
1-2: Ground out 5-3 (Groundball, 5, EV 77.5 MPH)
Bottom of the 9th over - 0 runs, 0 hits, 0 errors, 0 left on base; Cincinnati 6 - Pittsburgh 5
Thursday, July 30th, 2020 - OOTP Baseball 21.5 Build 71